[Event "*** Titled Tuesday Blitz"]
[Site "Chess.com"]
[Date "2020.04.28"]
[Round "3"]
[White "DryCounty"]
[Black "Rumpel-VK"]
[Result "1/2-1/2"]
[WhiteElo "2759"]
[BlackElo "2593"]
[TimeControl "180+1"]
[EndTime "10:24:59 PDT"]
[Termination "Game drawn by agreement"]

1. e4 c5 2. Nf3 Nc6 3. d4 cxd4 4. Nxd4 e5 5. Nb5 a6 6. Nd6+ Bxd6 7. Qxd6 Qe7 8.
Qxe7+ Ngxe7 9. Nc3 d5 10. exd5 Nb4 11. Bd3 Nxd3+ 12. cxd3 Bf5 13. O-O O-O-O 14. f4 Bxd3 15. Re1 Nxd5 16. Nxd5 Rxd5 17. fxe5 Kd7 18. Bf4 Rc8 19.
Rac1 Rc2 20. Rxc2 Bxc2 21. Rc1 1/2-1/2

[Event "*** Titled Tuesday Blitz"]
[Site "Chess.com"]
[Date "2020.04.28"]
[Round "3"]
[White "RATNAKARAN"]
[Black "MariaFominykh"]
[Result "0-1"]
[WhiteElo "2589"]
[BlackElo "2407"]
[TimeControl "180+1"]
[EndTime "10:25:01 PDT"]
[Termination "MariaFominykh won by resignation"]

1. e4 d6 2. d4 Nf6 3. Nc3 e5 4. d5 Be7 5. Be2 c6 6. g4 cxd5 7. exd5 h6 8. h4 Na6 9. Bxa6 bxa6 10. f3 Bb7 11. Nge2 Qb6 12. Rg1 Qc5 13. b4 Qc4 14. g5 Nxd5 15. Nxd5 Bxd5 16. Rg4 Qc6 17. gxh6 gxh6 18.
Ng1 Be6 19. Rg2 Bxh4+ 0-1

[Event "*** Titled Tuesday Blitz"]
[Site "Chess.com"]
[Date "2020.04.28"]
[Round "3"]
[White "Rinas_Oleg"]
[Black "Quiet_Desperation"]
[Result "0-1"]
[WhiteElo "2237"]
[BlackElo "1812"]
[TimeControl "180+1"]
[EndTime "10:25:05 PDT"]
[Termination "Quiet_Desperation won by checkmate"]

1. e4 e6 2. d4 d5 3. Nc3 Nf6 4. e5 Nfd7 5. f4 c5 6. Nf3 Nc6 7. Be3 Be7 8. Qd2 O-O 9. O-O-O c4 10. g4 b5 11. f5 b4 12. Ne2 Na5 13. h4 c3 14.
bxc3 Nc4 15. Qd3 Qa5 16. cxb4 Bxb4 17. c3 Ba3+ 18. Kc2 Qa4+ 19. Kb1 Rb8+ 20. Ka1 Bb2+ 21. Kb1 Na3# 0-1

[Event "*** Titled Tuesday Blitz"]
[Site "Chess.com"]
[Date "2020.04.28"]
[Round "3"]
[White "MeetGoku"]
[Black "cukin84"]
[Result "1-0"]
[WhiteElo "2311"]
[BlackElo "2073"]
[TimeControl "180+1"]
[EndTime "10:25:12 PDT"]
[Termination "MeetGoku won by resignation"]

1. e4 c6 2. d4 d5 3. e5 c5 4. dxc5 e6 5. a3 Bxc5 6. Qg4 Ne7 7. b4 Bb6 8. Bb2 Ng6 9. Nf3 Nc6 10. Bd3 a6 11. h4 f5 12. exf6 gxf6 13. Bxg6+ hxg6 14. Qxg6+ Kd7 15. Bxf6 Qg8 16. Qxg8 Rxg8 17. h5 Rxg2 18.
h6 Kd6 19. h7 Bd7 20. h8=Q Rxh8 21. Rxh8 Rxf2 22. Nbd2 1-0

[Event "*** Titled Tuesday Blitz"]
[Site "Chess.com"]
[Date "2020.04.28"]
[Round "3"]
[White "Sjakkerntobi"]
[Black "Suleyman_Chess06"]
[Result "1-0"]
[WhiteElo "2195"]
[BlackElo "2363"]
[TimeControl "180+1"]
[EndTime "10:25:17 PDT"]
[Termination "Sjakkerntobi won by checkmate"]

1. e4 e6 2. d4 d5 3. Nd2 dxe4 4. Nxe4 Bd7 5. Nf3 Bc6 6. Bd3 Nd7 7. O-O Ngf6 8. Qe2 Be7 9. c3 O-O 10. Neg5 h6 11.
Nh3 b6 12. Nf4 Bb7 13. Ne5 Nxe5 14. dxe5 Nd5 15. Qe4 f5 16. exf6 Rxf6 17. Qh7+ Kf7 18.
Bg6+ Rxg6 19. Qxg6+ Kg8 20. Nxe6 Qd6 21. Qxg7# 1-0

[Event "*** Titled Tuesday Blitz"]
[Site "Chess.com"]
[Date "2020.04.28"]
[Round "3"]
[White "econpower"]
[Black "mattcolins2025"]
[Result "0-1"]
[WhiteElo "2653"]
[BlackElo "2284"]
[TimeControl "180+1"]
[EndTime "10:25:29 PDT"]
[Termination "mattcolins2025 won by resignation"]

1. c4 g6 2. g3 Bg7 3. Bg2 c5 4.
Nc3 Nc6 5. e3 e6 6. Nge2 Nge7 7.
O-O O-O 8. Nf4 d6 9. a3 a5 10.
Rb1 b6 11. d3 Bb7 12. Bd2 Qd7 13. h3 Ne5 14. b4 axb4 15. axb4 Bxg2 16. Kxg2 d5 17.
bxc5 bxc5 18. cxd5 Nxd5 19. Ncxd5 exd5 20. e4 dxe4 21. dxe4 Qd4 22. Qc2 Nc4 23. Rfd1 Na3 0-1

[Event "*** Titled Tuesday Blitz"]
[Site "Chess.com"]
[Date "2020.04.28"]
[Round "3"]
[White "Jaka_Brilej"]
[Black "Chess_Boxer123"]
[Result "0-1"]
[WhiteElo "2365"]
[BlackElo "2567"]
[TimeControl "180+1"]
[EndTime "10:25:36 PDT"]
[Termination "Chess_Boxer123 won by resignation"]

1. e4 c5 2. Nf3 Nc6 3. d4 cxd4 4. Nxd4 Nf6 5. Nc3 e5 6. Ndb5 d6 7. Bg5 a6 8. Na3 b5 9. Nd5 Be7 10. Bxf6 Bxf6 11. c3 O-O 12. Nc2 Rb8 13. a4 bxa4 14. Ncb4 Nxb4 15. Nxb4 Bb7 16. Bd3 a5 17. Nc2 d5 18.
exd5 Bxd5 19. Ne3 Bb3 20. Qe2 g6 21. O-O Bg5 22. Nc4 Re8 23. Nd2 Bxd2 24. Qxd2 e4 0-1

[Event "*** Titled Tuesday Blitz"]
[Site "Chess.com"]
[Date "2020.04.28"]
[Round "3"]
[White "ZAbdumalik"]
[Black "adricalderon8"]
[Result "1-0"]
[WhiteElo "2647"]
[BlackElo "2411"]
[TimeControl "180+1"]
[EndTime "10:25:38 PDT"]
[Termination "ZAbdumalik won by resignation"]

1. e4 c5 2. Nf3 Nc6 3. d4 cxd4 4. Nxd4 g6 5. c4 Bg7 6. Nc2 d6 7. Nc3 Nh6 8. Be2 O-O 9. O-O f5 10. exf5 Nxf5 11. Ne3 Nfd4 12. Bd3 e5 13. Ncd5 Be6 14. Bd2 Rf7 15. b4 Qh4 16. b5 Ne7 17. Nc7 Re8 18.
Nxe8 Nef5 19. Nxf5 Bxf5 20. Bxf5 Rxf5 21. Nxg7 Kxg7 22. h3 Nf3+ 23. Kh1 e4 24. Bc3+ Kh6 25. Qxd6 Rg5 26. Bf6 1-0

[Event "*** Titled Tuesday Blitz"]
[Site "Chess.com"]
[Date "2020.04.28"]
[Round "3"]
[White "ntmh281"]
[Black "dvella"]
[Result "1-0"]
[WhiteElo "2271"]
[BlackElo "1804"]
[TimeControl "180+1"]
[EndTime "10:25:49 PDT"]
[Termination "ntmh281 won by resignation"]

1. d4 d5 2. Bf4 Bf5 3. c4 c6 4.
Nc3 a6 5. cxd5 cxd5 6. Qb3 Nc6 7. e3 e6 8. Qxb7 Na5 9. Qc7 Qxc7 10. Bxc7 Nc4 11.
Bxc4 dxc4 12. Nf3 Bb4 13. O-O Nf6 14. Rfc1 Rc8 15. Be5 Ke7 16. Na4 Bd3 17. a3 Ba5 18. Nc5 Be2 19. Rc2 Bxf3 20. gxf3 Nd5 21. Rxc4 f6 22.
Bg3 e5 23. Rac1 exd4 24. Rxd4 Nb6 25. b4 Nd7 26. Rxd7+ 1-0

[Event "*** Titled Tuesday Blitz"]
[Site "Chess.com"]
[Date "2020.04.28"]
[Round "3"]
[White "mishanick"]
[Black "mirceaparligras"]
[Result "1-0"]
[WhiteElo "3027"]
[BlackElo "2670"]
[TimeControl "180+1"]
[EndTime "10:25:51 PDT"]
[Termination "mishanick won by resignation"]

1. d4 Nf6 2. c4 e6 3. Nf3 d5 4. Nc3 Bb4 5. Bg5 h6 6. Bxf6 Qxf6 7. Qb3 c5 8. cxd5 exd5 9. e3 Nc6 10. Bb5 O-O 11.
dxc5 Bg4 12. Bxc6 Bxc3+ 13. Qxc3 Qxc3+ 14. bxc3 bxc6 15. Ne5 Bf5 16. Nxc6 Rfe8 17. Nd4 Bd3 18. Kd2 Bc4 19. Rhb1 Rac8 20. c6 Ba6 21. Rb4 Rc7 22. Rab1 Rec8 23. Rb8 Kf8 24. R1b4 Ke7 25. Rxc8 Bxc8 26.
Rb5 Kd6 27. Ra5 a6 28. c4 dxc4 29. Kc3 Be6 30. Rxa6 Bd5 31. Nb5+ 1-0

[Event "*** Titled Tuesday Blitz"]
[Site "Chess.com"]
[Date "2020.04.28"]
[Round "3"]
[White "FrogMist"]
[Black "Chesswizard_2007"]
[Result "1-0"]
[WhiteElo "2416"]
[BlackElo "2602"]
[TimeControl "180+1"]
[EndTime "10:25:52 PDT"]
[Termination "FrogMist won by checkmate"]

1. e4 c5 2. Nf3 d6 3. d4 cxd4 4.
Nxd4 Nf6 5. Nc3 a6 6. Bg5 e6 7. f4 h6 8. Bh4 Qb6 9. Qd2 Qxb2 10. Rb1 Qa3 11. e5 dxe5 12. fxe5 Nfd7 13. Ne4 g5 14.
Bg3 Nc6 15. Nxc6 bxc6 16. Be2 Nc5 17. Nf6+ Ke7 18. Qd6# 1-0

[Event "*** Titled Tuesday Blitz"]
[Site "Chess.com"]
[Date "2020.04.28"]
[Round "3"]
[White "LuisFSiles"]
[Black "ChesterF"]
[Result "0-1"]
[WhiteElo "2308"]
[BlackElo "2551"]
[TimeControl "180+1"]
[EndTime "10:25:54 PDT"]
[Termination "ChesterF won by resignation"]

1. e4 c5 2. Nf3 d6 3. d4 cxd4 4. Nxd4 Nf6 5. Nc3 a6 6. Be3 e5 7. Nf3 Qc7 8. a4 Be7 9. a5 Nbd7 10. Be2 Nc5 11. Bxc5 Qxc5 12. O-O Be6 13. Nd2 O-O 14. Nb3 Qc6 15. Bf3 Rfd8 16. Nd5 Bxd5 17. exd5 Qc7 18. Ra4 Rac8 19. c4 Nd7 20. Bg4 Rf8 21. Bxd7 Qxd7 22. Nd2 f5 23. b4 e4 24. Qb3 Bg5 25. Rd1 Rfe8 26. Qg3 Qxa4 0-1

[Event "*** Titled Tuesday Blitz"]
[Site "Chess.com"]
[Date "2020.04.28"]
[Round "3"]
[White "djogrodek1"]
[Black "Keranke"]
[Result "0-1"]
[WhiteElo "2580"]
[BlackElo "2770"]
[TimeControl "180+1"]
[EndTime "10:25:55 PDT"]
[Termination "Keranke won by resignation"]

1. Nf3 g6 2. e4 Bg7 3. d4 d6 4. Be3 c5 5. c4 Nc6 6. Nc3 cxd4 7. Nxd4 Nf6 8. Be2 O-O 9. f3 Bd7 10. Qd2 Qa5 11. a3 Rfc8 12. O-O Ne5 13. b3 a6 14. h3 b5 15. f4 bxc4 16. b4 Qc7 17. fxe5 dxe5 18.
Nf3 Qb7 19. Qc2 Nh5 20. Rfd1 Bc6 21. Nd5 e6 22. Nb6 Bxe4 23. Qc1 Nf4 24. Nxa8 Nxe2+ 25. Kf2 Nxc1 26. Rb1 0-1

[Event "*** Titled Tuesday Blitz"]
[Site "Chess.com"]
[Date "2020.04.28"]
[Round "3"]
[White "Gabix_94"]
[Black "MathiasWomacka"]
[Result "1-0"]
[WhiteElo "2791"]
[BlackElo "2450"]
[TimeControl "180+1"]
[EndTime "10:26:02 PDT"]
[Termination "Gabix_94 won by resignation"]

1. d4 Nf6 2. c4 e6 3. Nc3 Bb4 4. g3 c5 5. Nf3 cxd4 6. Nxd4 O-O 7. Bg2 d5 8. O-O dxc4 9. Qa4 Na6 10. Rd1 Qe8 11. Ndb5 Bxc3 12. Nxc3 Qxa4 13. Nxa4 Bd7 14. Nc3 Nc5 15. Be3 Rac8 16. Rac1 b5 17. Rd6 b4 18.
Nb1 Nce4 19. Bxe4 Nxe4 20. Rxd7 c3 21. bxc3 bxc3 22. Rd4 f5 23. f3 Nf6 24. Rxc3 Rb8 25. Rc1 Nd5 26. Kf2 Rb2 27. Nc3 Rc8 28. Nxd5 1-0

[Event "*** Titled Tuesday Blitz"]
[Site "Chess.com"]
[Date "2020.04.28"]
[Round "3"]
[White "Dixit_Nikhil"]
[Black "A-Fier"]
[Result "0-1"]
[WhiteElo "2455"]
[BlackElo "2798"]
[TimeControl "180+1"]
[EndTime "10:26:03 PDT"]
[Termination "A-Fier won by resignation"]

1. e4 c5 2. Nf3 e6 3. b3 Nc6 4.
Bb2 a6 5. d4 cxd4 6. Nxd4 Qf6 7.
Be2 Bb4+ 8. Kf1 Bc5 9. c3 Nge7 10.
Na3 O-O 11. Nac2 d5 12. exd5 Nxd5 13. c4 Nf4 14. Rb1 Nxe2 15. Kxe2 e5 16. Nf3 Bg4 17. h3 Rad8 18. Qc1 Bf5 0-1

[Event "*** Titled Tuesday Blitz"]
[Site "Chess.com"]
[Date "2020.04.28"]
[Round "3"]
[White "Oligan22"]
[Black "archess2"]
[Result "1-0"]
[WhiteElo "2427"]
[BlackElo "2211"]
[TimeControl "180+1"]
[EndTime "10:26:12 PDT"]
[Termination "Oligan22 won by resignation"]

1. e4 c6 2. d4 d5 3. Nc3 dxe4 4. Nxe4 Bf5 5. Nc5 Qc7 6. Bd3 Bxd3 7. Nxd3 e6 8. Nf3 Nd7 9. O-O Bd6 10. c4 Ngf6 11.
c5 Be7 12. Bf4 Qd8 13. b4 Nd5 14. Bg3 Bf6 15. a4 O-O 16. b5 Qa5 17. Bd6 Rfd8 18.
Qb3 Qc3 19. Qxc3 Nxc3 20. bxc6 bxc6 21. Nde5 Nxe5 22. dxe5 1-0

[Event "*** Titled Tuesday Blitz"]
[Site "Chess.com"]
[Date "2020.04.28"]
[Round "3"]
[White "Raffael89"]
[Black "GameOverBro"]
[Result "0-1"]
[WhiteElo "2239"]
[BlackElo "2508"]
[TimeControl "180+1"]
[EndTime "10:26:17 PDT"]
[Termination "GameOverBro won by resignation"]

1. d4 d6 2. e4 Nf6 3. Nc3 g6 4. Nf3 Bg7 5. h3 O-O 6. Be3 c6 7. Qd2 b5 8. a3 a5 9. Be2 Bb7 10. e5 Nfd7 11. exd6 exd6 12. O-O Nf6 13. Bh6 Nbd7 14. Bxg7 Kxg7 15. Bd3 b4 16. Ne4 Nxe4 17.
Bxe4 Nf6 18. Bd3 c5 19. Nh2 Re8 20. axb4 axb4 21. Rxa8 Qxa8 22. dxc5 Bxg2 23. Re1 Bxh3 24. Bf1 Rxe1 25. Qxe1 Bxf1 26. Nxf1 dxc5 27. Qe5 Qd5 28. Qe7 Qg5+ 29. Ng3 h5 30. Kf1 Qc1+ 31. Kg2 Qxc2 32. Qe5 h4 33. Nh5+ gxh5 0-1

[Event "*** Titled Tuesday Blitz"]
[Site "Chess.com"]
[Date "2020.04.28"]
[Round "3"]
[White "nabukatnezarr"]
[Black "Spartakus1975"]
[Result "0-1"]
[WhiteElo "2519"]
[BlackElo "2737"]
[TimeControl "180+1"]
[EndTime "10:26:18 PDT"]
[Termination "Spartakus1975 won by resignation"]

1. d4 d5 2. c4 c6 3. cxd5 cxd5 4.
Bf4 Nf6 5. e3 Nc6 6. Bd3 a6 7.
Nc3 Bg4 8. f3 Bh5 9. Qb3 Na5 10.
Qa4+ Nc6 11. Rc1 e6 12. Qb3 Ra7 13. Na4 Bg6 14. Be2 Bb4+ 15. Kf2 Be7 16. Nh3 O-O 17.
Qb6 Qa8 18. Nc5 Rc8 19. Rc2 Bxc2 0-1

[Event "*** Titled Tuesday Blitz"]
[Site "Chess.com"]
[Date "2020.04.28"]
[Round "3"]
[White "Larina_Marija"]
[Black "chessfrendz"]
[Result "0-1"]
[WhiteElo "2167"]
[BlackElo "2411"]
[TimeControl "180+1"]
[EndTime "10:26:20 PDT"]
[Termination "chessfrendz won by resignation"]

1. e4 e5 2. Nf3 Nc6 3. Nc3 Nf6 4. Bb5 Bc5 5. Nxe5 Nxe5 6. d4 Qe7 7. dxc5 Qxc5 8.
Be3 Qb4 9. Bd3 Qxb2 10. Nb5 Nxd3+ 11. Qxd3 Qxa1+ 12. Ke2 Qxh1 13. Nxc7+ Kd8 14. Nxa8 Qxg2 15. Qd6 Qxe4 16. Kd2 Qd5+ 17. Qxd5 Nxd5 18. Bxa7 b5 19. Nb6 Bb7 20. Nxd5 Bxd5 0-1

[Event "*** Titled Tuesday Blitz"]
[Site "Chess.com"]
[Date "2020.04.28"]
[Round "3"]
[White "troisi"]
[Black "Hikaru"]
[Result "0-1"]
[WhiteElo "2159"]
[BlackElo "3232"]
[TimeControl "180+1"]
[EndTime "10:26:22 PDT"]
[Termination "Hikaru won by resignation"]

1. e4 b6 2. d4 Bb7 3. Nc3 e6 4. Bd3 Bb4 5. Ne2 d5 6. O-O dxe4 7. Nxe4 Nf6 8. Bg5 Nbd7 9. c3 Be7 10. Qc2 h6 11.
Bh4 O-O 12. Rae1 Nxe4 13. Bxe7 Qxe7 14. Bxe4 c6 15. f4 Nf6 16. Bf3 c5 17. f5 Bxf3 18. Rxf3 exf5 19. dxc5 bxc5 20. Qxf5 Rfe8 21. Rf2 Rad8 22.
Ref1 Nd5 23. Rc1 Ne3 24. Qb1 Ng4 25. Re1 Nxf2 26. Kxf2 Rd2 0-1

[Event "*** Titled Tuesday Blitz"]
[Site "Chess.com"]
[Date "2020.04.28"]
[Round "3"]
[White "AcsinteMatei"]
[Black "Gyapiking"]
[Result "1-0"]
[WhiteElo "2278"]
[BlackElo "2497"]
[TimeControl "180+1"]
[EndTime "10:26:26 PDT"]
[Termination "AcsinteMatei won by resignation"]

1. d4 d6 2. e4 g6 3. h4 Nf6 4. Nc3 Nc6 5. Bc4 Bg7 6. Be3 e5 7. Nge2 O-O 8. Qd2 Nxe4 9. Nxe4 d5 10. Bg5 f6 11. dxe5 fxg5 12. Bxd5+ Kh8 13. hxg5 Nb4 14. Qxb4 Qxd5 15. Nf6 1-0

[Event "*** Titled Tuesday Blitz"]
[Site "Chess.com"]
[Date "2020.04.28"]
[Round "3"]
[White "ega2006"]
[Black "abhidabhi"]
[Result "0-1"]
[WhiteElo "2438"]
[BlackElo "2751"]
[TimeControl "180+1"]
[EndTime "10:26:28 PDT"]
[Termination "abhidabhi won by resignation"]

1. e4 Nc6 2. Nc3 e5 3. Bc4 Bc5 4. Qg4 Qf6 5. Nd5 Qxf2+ 6. Kd1 g6 7. Nxc7+ Kd8 8. Nxa8 d5 9. Qe2 dxc4 10. d3 Qxe2+ 11. Nxe2 Bg4 12. dxc4 Nd4 0-1

[Event "*** Titled Tuesday Blitz"]
[Site "Chess.com"]
[Date "2020.04.28"]
[Round "3"]
[White "mohssenbinaddi"]
[Black "2346PL"]
[Result "0-1"]
[WhiteElo "2144"]
[BlackElo "2490"]
[TimeControl "180+1"]
[EndTime "10:26:29 PDT"]
[Termination "2346PL won by resignation"]

1. d4 f5 2. Nf3 Nf6 3. Nc3 g6 4. Bg5 Bg7 5. Bxf6 Bxf6 6. e4 fxe4 7. Nxe4 O-O 8. Nxf6+ exf6 9. Bc4+ d5 10. Be2 c6 11.
Qd2 Bg4 12. O-O-O Nd7 13. h3 Bxf3 14. Bxf3 Qc7 15. h4 Nb6 16. b3 Qd6 17. h5 g5 18.
h6 a5 19. a4 Qa3+ 20. Kb1 Nxa4 21. bxa4 Ra6 22. Be2 Rb6+ 23. Bb5 cxb5 24. Qxa5 Ra6 25. Qxb5 Rxa4 26. Qxd5+ Kh8 27. c3 Qxc3 0-1

[Event "*** Titled Tuesday Blitz"]
[Site "Chess.com"]
[Date "2020.04.28"]
[Round "3"]
[White "Infernal_XaM"]
[Black "RubensCezila"]
[Result "1-0"]
[WhiteElo "2911"]
[BlackElo "2465"]
[TimeControl "180+1"]
[EndTime "10:26:31 PDT"]
[Termination "Infernal_XaM won by resignation"]

1. d4 Nf6 2. c4 e6 3. Nf3 b6 4. g3 Ba6 5. Nbd2 Bb7 6. Bg2 Bb4 7. O-O O-O 8. Qc2 c5 9. d5 exd5 10.
cxd5 Bxd5 11. e4 Bb7 12. e5 Nd5 13. Ne4 Nc6 14. Rd1 Nd4 15. Nxd4 cxd4 16. Ng5 g6 17. Rxd4 Rc8 18. Qd1 Bc5 19. Rxd5 Bxd5 20. Bxd5 Qe7 21. Bf4 h6 22. Ne4 g5 23. Qh5 1-0

[Event "*** Titled Tuesday Blitz"]
[Site "Chess.com"]
[Date "2020.04.28"]
[Round "3"]
[White "blitzking1729"]
[Black "almaguerjm"]
[Result "1-0"]
[WhiteElo "2563"]
[BlackElo "2361"]
[TimeControl "180+1"]
[EndTime "10:26:31 PDT"]
[Termination "blitzking1729 won by checkmate"]

1. Nf3 Nf6 2. g3 d5 3. Bg2 Bf5 4. O-O Nc6 5. d4 Qd7 6. Ne5 Qc8 7. Nc3 Bh3 8. Nxc6 bxc6 9. Bg5 h5 10. Re1 Rb8 11.
Bxf6 gxf6 12. e4 h4 13. Bxh3 Qxh3 14. Qe2 dxe4 15. Nxe4 Kd8 16. Nxf6 hxg3 17. fxg3 Rxb2 18. Rad1 Rxa2 19. d5 c5 20. d6 cxd6 21. Rxd6+ exd6 22. Qe8+ Kc7 23. Nd5+ Kb7 24. Rb1+ Ka6 25. Qb5# 1-0

[Event "*** Titled Tuesday Blitz"]
[Site "Chess.com"]
[Date "2020.04.28"]
[Round "3"]
[White "godsgonnacutudown"]
[Black "hedgehog280"]
[Result "1/2-1/2"]
[WhiteElo "2349"]
[BlackElo "2680"]
[TimeControl "180+1"]
[EndTime "10:26:33 PDT"]
[Termination "Game drawn by agreement"]

1. d4 f5 2. g3 Nf6 3. Bg2 e6 4. Nf3 d5 5. O-O Nc6 6. Nc3 Bd6 7. Nb5 Be7 8. Bf4 Bd6 9. Nxd6+ cxd6 10. Qd3 O-O 11.
e3 Qe7 12. Ng5 e5 13. dxe5 dxe5 14. Bxd5+ Nxd5 15. Qxd5+ Kh8 16. Bxe5 Nxe5 17. Rad1 Bd7 18. f4 Ng4 19. Qxd7 Qxe3+ 20. Kh1 Nf2+ 21. Rxf2 Qxf2 22.
Ne6 Rg8 23. Nd4 Rad8 24. Qa4 Rge8 25. c3 Re2 26. Nxe2 Qf3+ 27. Kg1 Qe3+ 28. Kf1 Qf3+ 29. Kg1 Qe3+ 30. Kf1 Qf3+ 1/2-1/2

[Event "*** Titled Tuesday Blitz"]
[Site "Chess.com"]
[Date "2020.04.28"]
[Round "3"]
[White "JonahWillow"]
[Black "Keks2017"]
[Result "1-0"]
[WhiteElo "2691"]
[BlackElo "2422"]
[TimeControl "180+1"]
[EndTime "10:26:38 PDT"]
[Termination "JonahWillow won by resignation"]

1. e4 c5 2. Nf3 d6 3. d4 cxd4 4. Qxd4 a6 5. c4 Nc6 6. Qe3 Nf6 7. h3 g6 8. Be2 Bg7 9. O-O O-O 10. Nc3 Rb8 11.
Rd1 Nd7 12. Rb1 b6 13. b4 Bb7 14. a3 Re8 15. Bb2 Rc8 16. Nd5 Bxb2 17. Rxb2 e6 18. Nc3 Qc7 19. Rbd2 Nce5 20. Rxd6 Nxf3+ 21. Qxf3 Ne5 22. Qf6 1-0

[Event "*** Titled Tuesday Blitz"]
[Site "Chess.com"]
[Date "2020.04.28"]
[Round "3"]
[White "Azatic"]
[Black "Xeniya2005"]
[Result "1/2-1/2"]
[WhiteElo "2649"]
[BlackElo "2262"]
[TimeControl "180+1"]
[EndTime "10:26:39 PDT"]
[Termination "Game drawn by repetition"]

1. d4 Nf6 2. c4 e6 3. g3 d5 4. Bg2 Bd7 5. Nf3 dxc4 6. Ne5 Bc6 7. Nxc6 Nxc6 8. e3 Qd7 9. O-O O-O-O 10. Nd2 Nd5 11. Nxc4 h5 12. a3 h4 13. b4 a6 14.
Bb2 f5 15. Rc1 Be7 16. Qb3 hxg3 17. hxg3 Kb8 18. Rfd1 Bf6 19. Ne5 Bxe5 20. dxe5 Nce7 21. a4 g5 22. b5 a5 23. Ba3 Ng6 24. e4 fxe4 25.
Bxe4 Nxe5 26. Bb2 Qd6 27. b6 c6 28. Ba3 Qd7 29. Bb2 Qd6 30. Ba3 Qd7 31. Bb2 Qd6 1/2-1/2

[Event "*** Titled Tuesday Blitz"]
[Site "Chess.com"]
[Date "2020.04.28"]
[Round "3"]
[White "TzoumpasAnastasis"]
[Black "moro182"]
[Result "0-1"]
[WhiteElo "2184"]
[BlackElo "2696"]
[TimeControl "180+1"]
[EndTime "10:26:40 PDT"]
[Termination "moro182 won by resignation"]

1. c4 e6 2. Nc3 d5 3. cxd5 exd5 4. d4 c6 5. Nf3 Bd6 6. Bg5 Ne7 7. e3 Bf5 8. Bd3 f6 9. Bh4 Nd7 10. O-O O-O 11. Rb1 a6 12. Bg3 Nb6 13. Bxd6 Qxd6 14. Bxf5 Nxf5 15. Qd3 Qd7 16. b3 Nd6 17. e4 dxe4 18.
Nxe4 Nxe4 19. Qxe4 Nd5 20. Rfc1 Rfe8 21. Qc2 Nf4 22.
Qc4+ Kh8 23. Kf1 Qg4 24. Ne1 Rxe1+ 25. Kxe1 Re8+ 26. Kd2 Re2+ 27. Kc3 Nd5+ 0-1

[Event "*** Titled Tuesday Blitz"]
[Site "Chess.com"]
[Date "2020.04.28"]
[Round "3"]
[White "Tiqr777"]
[Black "fugadelafuga"]
[Result "1-0"]
[WhiteElo "2596"]
[BlackElo "2393"]
[TimeControl "180+1"]
[EndTime "10:26:42 PDT"]
[Termination "Tiqr777 won by resignation"]

1. d4 Nf6 2. Nf3 e6 3. Bg5 d5 4. Nbd2 Be7 5. e3 O-O 6. Bd3 c5 7. c3 Nc6 8. O-O h6 9. Bh4 c4 10. Bb1 b5 11. e4 dxe4 12. Nxe4 Nxe4 13. Bxe4 Bxh4 14. Bxc6 Rb8 15. Ne5 Bb7 16. Qf3 Qc7 17. Bxb7 Rxb7 18. a3 Bf6 19. Ng4 Be7 20. Rfe1 a5 21. g3 b4 22. axb4 axb4 23. Ne5 bxc3 24.
bxc3 Bd6 25. Nxc4 Rb3 26. Nxd6 Qxd6 27. Rab1 Rfb8 28. Rxb3 Rxb3 29. Qa8+ Kh7 30. Qe4+ g6 31. c4 Rb4 32. Rc1 Qc7 33. d5 exd5 34. Qxd5 Rb2 35.
c5 Qe7 36. c6 Qf6 37. Qc5 Qe6 38. c7 Re2 39. c8=Q Re1+ 40. Rxe1 Qxe1+ 41. Kg2 Qe4+ 42. f3 Qe2+ 43. Qf2 1-0

[Event "*** Titled Tuesday Blitz"]
[Site "Chess.com"]
[Date "2020.04.28"]
[Round "3"]
[White "martinique24"]
[Black "Joseph_Truelson"]
[Result "1-0"]
[WhiteElo "2436"]
[BlackElo "2216"]
[TimeControl "180+1"]
[EndTime "10:26:47 PDT"]
[Termination "martinique24 won by resignation"]

1. e4 e5 2. Nf3 Nf6 3. Nxe5 d6 4. Nf3 Nxe4 5. Nc3 Nxc3 6. dxc3 Be7 7. Be3 Nd7 8. Qd2 a6 9. O-O-O b5 10. Kb1 Bb7 11. Nd4 Ne5 12. Nf5 Bf6 13. Bf4 O-O 14. f3 Qd7 15. Bd3 a5 16. Be4 Bxe4 17. fxe4 b4 18. Bxe5 Bxe5 19. c4 a4 20. Qd5 b3 21. Qxe5 1-0

[Event "*** Titled Tuesday Blitz"]
[Site "Chess.com"]
[Date "2020.04.28"]
[Round "3"]
[White "Rakesh"]
[Black "CMS13"]
[Result "1-0"]
[WhiteElo "2388"]
[BlackElo "2142"]
[TimeControl "180+1"]
[EndTime "10:26:48 PDT"]
[Termination "Rakesh won by resignation"]

1. e4 e5 2. Nf3 Nc6 3. d4 exd4 4. Nxd4 Bc5 5. Nb3 Bb6 6. Nc3 d6 7. Bd3 Nf6 8. O-O O-O 9. h3 Re8 10. Qf3 Ne5 11. Qg3 Nh5 12. Qh2 Re6 13. Kh1 Rg6 14. Be2 Qh4 15. Bxh5 Qxh5 16. f4 Ng4 17. hxg4 Qxg4 18.
f5 Rg5 19. Bxg5 Qxg5 20. Nd5 Bd7 21. Nxb6 axb6 22. Qf4 Qh5+ 23. Kg1 Re8 24. Rae1 Bb5 25. Rf3 g6 26. Rh3 1-0

[Event "*** Titled Tuesday Blitz"]
[Site "Chess.com"]
[Date "2020.04.28"]
[Round "3"]
[White "Ovsiannikov_Maxim"]
[Black "Skatchkov_V"]
[Result "0-1"]
[WhiteElo "2241"]
[BlackElo "2555"]
[TimeControl "180+1"]
[EndTime "10:26:50 PDT"]
[Termination "Skatchkov_V won by checkmate"]

1. d4 Nf6 2. Bg5 Ne4 3. Bh4 d5 4. f3 g5 5. fxe4 gxh4 6. exd5 Qxd5 7. Nc3 Qh5 8. e4 Bg4 9. Be2 Rg8 10. Nf3 Nd7 11. h3 Be6 12. d5 Rxg2 13. dxe6 fxe6 14. Qd3 Bh6 15. Rd1 O-O-O 16. Nd4 Qg6 17. Nxe6 Qxe6 18. Bg4 Qb6 19. Bxd7+ Kb8 20. Rf1 Rxd7 21. Qf3 Rxd1+ 22. Nxd1 Bd2# 0-1

[Event "*** Titled Tuesday Blitz"]
[Site "Chess.com"]
[Date "2020.04.28"]
[Round "3"]
[White "JulAnt"]
[Black "colegiodemadrid"]
[Result "1-0"]
[WhiteElo "2525"]
[BlackElo "2284"]
[TimeControl "180+1"]
[EndTime "10:26:56 PDT"]
[Termination "JulAnt won by resignation"]

1. e4 e5 2. Nf3 Nc6 3. Bb5 g6 4. d4 exd4 5. Bg5 Be7 6. Bxe7 Qxe7 7. Bxc6 dxc6 8. Qxd4 Nf6 9. Nc3 c5 10. Qe3 Be6 11.
O-O-O Rd8 12. Rxd8+ Kxd8 13. h3 Kc8 14. Re1 h5 15. a3 Rd8 16. Ne2 b6 17. Nf4 Kb7 18. Ng5 Bc8 19. e5 Nd5 20. Nxd5 Rxd5 21. f4 Bf5 22. Qf3 c6 23. g4 hxg4 24. hxg4 Bc8 25.
Ne4 a5 26. Rh1 Ka7 27. Nd6 Be6 28. Rh7 g5 29. Rxf7 1-0

[Event "*** Titled Tuesday Blitz"]
[Site "Chess.com"]
[Date "2020.04.28"]
[Round "3"]
[White "Batsai"]
[Black "Kingsman132"]
[Result "1-0"]
[WhiteElo "2238"]
[BlackElo "2427"]
[TimeControl "180+1"]
[EndTime "10:26:56 PDT"]
[Termination "Batsai won by resignation"]

1. e4 d6 2. d4 g6 3. Nc3 Bg7 4. f4 c5 5. d5 Nd7 6. Nf3 Nh6 7. Be2 O-O 8. O-O f5 9. Ng5 Bd4+ 10. Kh1 Nf6 11. Nb5 Nxe4 12. Nxe4 fxe4 13. Nxd4 cxd4 14.
Qxd4 Bf5 15. b4 Qc7 16. Bb2 e5 17. dxe6 Bxe6 18. Qh8+ Kf7 19. Qxh7+ Ke8 20. Qxc7 1-0